 Dungeon Crawl Stone Soup version 0.18-a0-1702-gd20c6a5 (webtiles) character file.

172 wvc the Insei (level 5, -1/46 HPs)
             Began as a Draconian Monk on Apr 6, 2016.
             Slain by a gnoll
             ... wielding a +0 halberd
              (9 damage)
             ... on level 3 of the Dungeon.
             The game lasted 00:05:09 (3168 turns).

wvc the Insei (Draconian Monk)                      Turns: 3168, Time: 00:05:10

Health: -1/46      AC:  6    Str: 13    XL:     5   Next: 27%
Magic:  5/5        EV: 13    Int: 12    God:
Gold:   154        SH:  0    Dex: 13    Spells: 0 memorised, 4 levels left

rFire  . . .     SeeInvis .       - Unarmed
rCold  . . .     Gourm    .     (armour unavailable)
rNeg   . . .     Faith    .     (no shield)
rPois  .         Spirit   .     (helmet restricted)
rElec  .         Dismiss  .     (no cloak)
rCorr  .         Reflect  .     h - +0 pair of gloves
SustAt .         Harm     .     (no boots)
MR     +....                    (no amulet)
Stlth  +++.......               n - ring of stealth
                                d - ring of protection from magic

@: somewhat resistant to hostile enchantments, fairly stealthy
A: unfitting armour, cold-blooded, AC +5
a: no special abilities


You were on level 3 of the Dungeon.
You were not hungry.

You visited 1 branch of the dungeon, and saw 3 of its levels.

You collected 154 gold pieces.

Inventory:

Hand Weapons
 p - a +0 blowgun
Missiles
 q - 7 poisoned needles
Armour
 h - a +0 pair of gloves (worn)
Magical Staves
 o - an uncursed staff of wizardry {unknown}
Jewellery
 d - a ring of protection from magic (left hand)
 n - a ring of stealth (right hand)
Wands
 m - a wand of digging (16/24)
Scrolls
 e - 2 scrolls of blinking
 f - a scroll of teleportation
Potions
 b - a potion of curing {unknown}
 c - 3 potions of agility
 g - a potion of flight {unknown}
 i - a potion of berserk rage {unknown}
Miscellaneous
 k - a plain deck of escape
Comestibles
 a - 3 bread rations
 j - a meat ration
 l - a royal jelly
 r - 3 chunks of flesh


   Skills:
 + Level 4.0 Fighting
 + Level 3.6 Dodging
 - Level 1.7 Stealth
 * Level 5.6 Unarmed Combat


You had 4 spell levels left.
You didn't know any spells.

Dungeon Overview and Level Annotations

Branches:
Dungeon (3/15)

Altars:
Nemelex Xobeh
Qazlal
Sif Muna


Innate Abilities, Weirdness & Mutations

Your plain brown scales are hard (AC +5).
Your body does not fit into most forms of armour.
You are cold-blooded and may be slowed by cold attacks.


Message History

The gnoll completely misses you.
You hit the gnoll but do no damage.
The gnoll is severely wounded.
The gnoll hits you with a halberd!
You hit the gnoll.
The gnoll is almost dead.
You barely miss the gnoll.
The gnoll is almost dead.
The gnoll hits you with a halberd!
You closely miss the gnoll.
The gnoll is almost dead.
The gnoll hits you with a halberd!
* * * LOW HITPOINT WARNING * * *
You are too injured to fight recklessly!
You are too injured to fight recklessly!
You are too injured to fight recklessly!
You barely miss the gnoll.
The gnoll is almost dead.
The gnoll hits you with a halberd!
You die...

..# #..................[#####
#.#######........................
.....#......####.............####
#.#.##.###### #.................
#.#.##)# ####..(..............
#.#.##.# #.................##.
#...##.# #...)÷....#####...<#.
######.# #.........#####.#.##.
.......# #..g@.......÷......#.
######## #.........######...#.
#.........# #..>.. #.........#
#####. #.........## #.
##..........##########
..............)......
≈≈≈≈≈≈≈≈≈≈.g..≈≈≈≈≈≈≈
≈≈≈≈≈≈≈≈≈≈....≈≈≈≈≈≈≈


You could see 2 gnolls.

Vanquished Creatures
  A killer bee zombie (D:3)
  A hound skeleton (D:3)
  3 adders
  4 gnolls
  An ooze (D:1)
  2 worms
  A dart slug (D:1)
  2 giant geckos
  2 orcs (D:3)
  2 giant cockroaches (D:3)
  5 goblins
  11 hobgoblins
  7 jackals
  5 bats
  3 giant newts
  7 kobolds
  6 rats
63 creatures vanquished.

Notes
Turn   | Place    | Note
--------------------------------------------------------------
     0 | D:1      | wvc the Draconian Monk began the quest for the Orb.
     0 | D:1      | Reached XP level 1. HP: 19/19 MP: 1/1
   336 | D:1      | Reached XP level 2. HP: 26/26 MP: 2/2
   834 | D:1      | Reached XP level 3. HP: 30/31 MP: 3/3
  1847 | D:2      | Found a sparkling altar of Nemelex Xobeh.
  1923 | D:2      | Reached skill level 5 in Unarmed Combat
  2062 | D:2      | Found a deep blue altar of Sif Muna.
  2168 | D:2      | Reached XP level 4. HP: 38/39 MP: 4/4
  2440 | D:3      | Found a stormy altar of Qazlal.
  2789 | D:3      | Reached XP level 5. HP: 39/46 MP: 5/5
  3073 | D:3      | Noticed an ogre
  3168 | D:3      | Slain by a gnoll

Vault maps used:
D:1:      minmay_arrival_wavy_path
D:2:      lemuel_blue_sif_altar, hangedman_abyss_or_decor_stabs, nemelex_deck
D:3:      lemuel_castle_with_subvaults, grunt_qazlal_clouds, first_bread

Skill      XL: |  1  2  3  4  5 |
---------------+----------------+-----
Dodging        | 3 |  3.6
Unarmed Combat | 5 |  5.6
Fighting       | 4 |  4.0
Stealth        | |  1.7

Action                   |  1- 3 |  4- 6 || total
-------------------------+-------+-------++-------
Melee: Unarmed           |   130 |   141 ||   271
  Use: Scroll            |     7 |       ||     7
 Stab: Sleeping          |     2 |     2 ||     4
  Eat: Chunk             |     2 |     4 ||     6
       Pizza             |     1 |       ||     1
